 Dungeon Crawl Stone Soup version 0.23.2-1-ga50397a6bc (webtiles) character file.

Game seed: 14467948843881924556

98 OneEyedShark the Insei (level 4, 0/28 HPs)
             Began as an Octopode Transmuter on May 28, 2019.
             Slain by Crazy Yiuf
             ... wielding a +4 quarterstaff of chaos
              (3 damage)
             ... on level 2 of the Dungeon.
             The game lasted 00:04:46 (2517 turns).

OneEyedShark the Insei (Octopode Transmuter)        Turns: 2517, Time: 00:04:47

Health: 0/28       AC:  0    Str: 10    XL:     4   Next: 71%
Magic:  1/8        EV: 20    Int: 15    God:
Gold:   126        SH:  0    Dex: 17    Spells: 2/8 levels left

rFire    . . .     SeeInvis .     - Unarmed
rCold    . . .     Gourm    .   (shield currently unavailable)
rNeg     . . .     Faith    .   (helmet currently unavailable)
rPois    .         Spirit   .   (no amulet)
rElec    .         Reflect  .   (ring currently unavailable)
rCorr    .         Harm     .   (ring currently unavailable)
MR       .....                  (ring currently unavailable)
Stlth    ++........             (ring currently unavailable)
HPRegen  0.09/turn              (ring currently unavailable)
MPRegen  0.11/turn              (ring currently unavailable)
                                (ring currently unavailable)
                                (ring currently unavailable)

@: bat-form, flying, very slightly contaminated, very quick
A: tiny, almost no armour, stealthy swim, (amphibious), (8 rings), (constrict 8)
a: no special abilities


You were on level 2 of the Dungeon.
You were hungry.
You were in bat-form.
You visited 1 branch of the dungeon, and saw 2 of its levels.

You collected 126 gold pieces.

Inventory:

Missiles
 a - 37 arrows
Jewellery
 f - a ring of ice (melded)
Scrolls
 e - 3 scrolls of fog
 g - 2 scrolls of remove curse {unknown}
 h - a scroll of teleportation {unknown}
 j - a scroll of magic mapping {unknown}
 k - a scroll of enchant armour {unknown}
Potions
 b - 2 potions of heal wounds
 d - a potion of flight {unknown}
Comestibles
 c - 3 rations
 i - a chunk of flesh


   Skills:
 + Level 1.5 Fighting
 + Level 2.4 Dodging
 + Level 1.9 Stealth
 + Level 3.2 Unarmed Combat
 * Level 2.9 Spellcasting
 * Level 2.9 Transmutations


You had 2 spell levels left.
You knew the following spells:

 Your Spells              Type           Power        Failure   Level  Hunger
a - Beastly Appendage     Tmut           ##....       6%          1    #......
b - Sticks to Snakes      Tmut           ##......     9%          2    ##.....
c - Spider Form           Tmut/Pois      #.........   32%         3    ###....

Your spell library contained the following spells:

 Spells                   Type           Power        Failure   Level  Hunger
 Ice Form                 Ice/Tmut       #.......     73%         4    #####..
 Blade Hands              Tmut           ##........   86%         5    ######.


Dungeon Overview and Level Annotations

Branches:
Dungeon (2/15)

Altars:
Wu Jian

Annotations:
D:2 Crazy Yiuf


Innate Abilities, Weirdness & Mutations

You cannot wear most types of armour.
You are very stealthy in the water. (Stealth+)
((You are amphibious.))
((You can wear up to eight rings at the same time.))
((You can use your tentacles to constrict eight enemies at once.))
((Your skin changes colour to match your surroundings (Stealth+).))
((Your rubbery body absorbs attacks. (AC +1, EV +1)))


Message History

Casting: Spider Form (safe; 32% risk of failure)
Confirm with . or Enter, or press ? or * to list all spells.
Your tentacle spike disappears.
You turn into a venomous arachnid creature.
You are feeling hungry.
Crazy Yiuf says, "Key Xom cower!"
You open the door. You hit Crazy Yiuf.
Crazy Yiuf is poisoned.
Crazy Yiuf is moderately wounded.
Crazy Yiuf hits you with a +4 quarterstaff of chaos!
Your transformation has ended.
You turn into a bat.
Your ring of ice melds into your body.
You hit Crazy Yiuf.
Crazy Yiuf is moderately wounded.
You hit Crazy Yiuf.
Crazy Yiuf is heavily wounded.
Crazy Yiuf hits you with a +4 quarterstaff of chaos!
* * * LOW HITPOINT WARNING * * *
Crazy Yiuf burns you.
You die...

...........####..###
#####..##.#.
#########..# #....#
#...........
§#.........# ♣....♣
######.##.##
.#.#####.#'# ♣...♣♣
#..........
§#.#.....#.# ♣♣.♣♣
##'###.##.#.
.#.#.#####.# ♣.♣♣
#....#..#.#.
.#.........# ♣♣.♣
#....##.#.##
.###.#####.# ♣.♣♣
#....'...... .# #<#
#.# ♣♣b♣
#....##...#. .# #.#
#.# #g# #....###..#.
.# #.# #.# ...
#....# #..#.
####.#####'# #...#
#....# ##.#.
...........# #..)#
#....# #.#.
#####......# #####
###### #.#. #......#
#.#. #......####
#.#. #.........#
###### #.#.


You could see Crazy Yiuf.

Vanquished Creatures
  Terence (D:2)
  3 adders (D:2)
  2 worms (D:2)
  A dart slug (D:1)
  A leopard gecko (D:1)
  A ball python (D:1)
  7 bats
  2 giant cockroaches
  6 goblins
  4 hobgoblins (D:1)
  3 frilled lizards (D:2)
  5 kobolds
  6 rats
42 creatures vanquished.

Notes
Turn   | Place    | Note
-------+----------+-------------------------------------------
     0 | D:1      | OneEyedShark the Octopode Transmuter began the quest for
                  | the Orb.
     0 | D:1      | Reached XP level 1. HP: 13/13 MP: 3/3
   282 | D:1      | Reached XP level 2. HP: 15/18 MP: 3/5
   543 | D:1      | Reached skill level 1 in Stealth
   663 | D:1      | Reached XP level 3. HP: 23/23 MP: 4/6
  1064 | D:2      | Noticed Terence
  1078 | D:2      | Killed Terence
  1217 | D:2      | Reached XP level 4. HP: 14/28 MP: 5/8
  1221 | D:2      | Learned a level 2 spell: Sticks to Snakes
  1225 | D:2      | Learned a level 3 spell: Spider Form
  2048 | D:2      | Found an ornate altar of the Wu Jian Council.
  2354 | D:2      | Found a runed translucent door.
  2355 | D:2      | Noticed Crazy Yiuf
  2517 | D:2      | Slain by Crazy Yiuf

Skill      XL: |  1  2 |
---------------+-------+-----
Stealth        | 1 |  1.9
Fighting       | |  1.5
Dodging        | |  2.4
Unarmed Combat | |  3.2
Spellcasting   | |  2.9
Transmutations | |  2.9

Action                   |  1- 3 |  4- 6 || total
-------------------------+-------+-------++-------
Melee: Unarmed           |    46 |    34 ||    80
       Constrict         |    16 |     5 ||    21
       Kick              |    17 |     6 ||    23
       Tentacles         |     9 |     3 ||    12
       Punch             |     1 |       ||     1
 Cast: Beastly Appendage |    17 |    15 ||    32
       Spider Form       |       |     1 ||     1
  Use: Scroll            |     2 |       ||     2
 Stab: Sleeping          |     8 |     3 ||    11
  Eat: Chunk             |     1 |     4 ||     5
Armor: Skin              |     4 |     1 ||     5
Dodge: Dodged            |    21 |    17 ||    38
